[Event "Titled Tuesday Blitz February 22 Late 2022"]
[White "Sarana, Alexey"]
[Black "Cardoso Cardoso, Jose Gabriel"]
[WhiteFideId "24133795"]
[BlackFideId "4430492"]
[WhiteElo "2665"]
[BlackElo "2451"]
[Result "1-0"]
[Round "09"]
[TimeControl "180+1"]
[Date "2022.02.22"]
[WhiteClock "0:00:34"]
[BlackClock "0:00:01"]

1. d4 Nf6 2. c4 g6 3. Nc3 Bg7 4. e4 d6 5. Be2 O-O 6. Be3 c6 7. Nf3 a6 8. a4 a5 9. O-O Na6 10. h3 e5 11. dxe5 dxe5 12. Qxd8 Rxd8 13. Bb6 Re8 14. Nd2 Nd7 15. Bxa5 b6 16. Nb3 bxa5 17. Nxa5 Nb4 18. Nb3 Nc2 19. Ra2 Nd4 20. Nd2 Bf8 21. Rc1 Bb4 22. Bf1 Nc5 23. Rd1 Be6 24. Ndb1 Red8 25. Rc1 Ndb3 26. Rc2 Na5 27. Nd2 Bxc3 28. bxc3 Rab8 29. f3 Ncb3 30. Rab2 Nxd2 31. Rxd2 Rxb2 32. Rxd8+ Kg7 33. c5 Nc4 34. g4 Ne3 35. Bd3 Rg2+ 36. Kh1 Ra2 37. Ra8 Nd1 38. Kg1 Nxc3 39. a5 Ne2+ 40. Bxe2 Rxe2 41. a6 Ra2 42. h4 g5 43. hxg5 Bc4 44. a7 Ba6 45. Rg8+ Kxg8 46. a8=Q+ Kg7 47. Qxc6 Bc4 48. Qf6+ Kg8 49. Qxe5 Be6 50. c6 Rc2 51. c7 Kf8 52. Qf6 Kg8 53. f4 Bxg4 54. f5 1-0


[Site "https://www.chess.com"]

[Event "Titled Tuesday Blitz February 22 Late 2022"]
[White "Sarkar, Justin"]
[Black "Kostiukov, Alexandr"]
[WhiteFideId "2010011"]
[BlackFideId "14108100"]
[WhiteElo "2038"]
[BlackElo "2202"]
[Result "0-1"]
[Round "09"]
[TimeControl "180+1"]
[Date "2022.02.23"]
[WhiteClock "0:00:01"]
[BlackClock "0:00:03"]

1. e4 c5 2. Nf3 g6 3. d4 cxd4 4. Qxd4 Nf6 5. Bb5 a6 6. e5 axb5 7. exf6 exf6 8. O-O Nc6 9. Re1+ Be7 10. Qxf6 O-O 11. Qf4 d5 12. Qh6 f6 13. c3 Bg4 14. Nbd2 b4 15. h3 Bf5 16. Nd4 Nxd4 17. cxd4 Rf7 18. Nf1 g5 19. h4 Bf8 20. Qh5 Bg6 21. Qg4 gxh4 22. Qxh4 Bg7 23. Bh6 Bh8 24. Ng3 b3 25. axb3 Rxa1 26. Rxa1 Re7 27. Qg4 Qe8 28. Kh2 Kf7 29. f3 Qd7 30. Qxd7 Rxd7 31. Ra8 Bg7 32. Bxg7 Kxg7 33. Rb8 Rc7 34. f4 Bf7 35. Nf5+ Kg6 36. Nd6 Be6 37. Rxb7 Rc2 38. Re7 Bf5 39. Nxf5 Kxf5 40. Rxh7 Rxb2 41. Rb7 Ke4 42. b4 Kxd4 43. b5 Kc5 44. Rf7 Kxb5 45. Rxf6 Kc5 46. Rf8 d4 47. Rc8+ Kd5 48. Kg3 Rb3+ 49. Kg4 d3 50. Rd8+ Ke4 51. Kg5 Rb2 52. g4 Rb5+ 53. f5 Rd5 54. Re8+ Kd4 55. Re1 d2 56. Rd1 Kd3 57. Kg6 Rd8 58. f6 Rg8+ 59. Kf5 Ke3 60. g5 Rd8 61. Rxd2 Rd5+ 62. Ke6 Ke4 0-1


[Site "https://www.chess.com"]

[Event "Titled Tuesday Blitz February 22 Late 2022"]
[White "Shirov, Alexei"]
[Black "Rosen, Eric"]
[WhiteFideId "2209390"]
[BlackFideId "2032562"]
[WhiteElo "2645"]
[BlackElo "2362"]
[Result "1-0"]
[Round "09"]
[TimeControl "180+1"]
[Date "2022.02.22"]
[WhiteClock "0:01:08"]
[BlackClock "0:00:02"]

1. d4 d5 2. c4 e6 3. Nc3 Nf6 4. cxd5 exd5 5. Bg5 c6 6. Qc2 h6 7. Bh4 Bd6 8. e3 O-O 9. Bd3 Re8 10. Nge2 a5 11. a3 Na6 12. Bg3 Nc7 13. O-O Bxg3 14. Nxg3 Ne6 15. b4 h5 16. b5 h4 17. Nf5 Nh5 18. bxc6 bxc6 19. Ne2 Bd7 20. g4 hxg3 21. Nexg3 Nf6 22. f3 Ng5 23. Qg2 g6 24. h4 Ne6 25. Nd6 Rf8 26. h5 g5 27. Ngf5 Kh8 28. Qg3 Qc7 29. Qe5 Qd8 30. Kf2 Ng7 31. Nxg7 Nh7 32. Ne6+ f6 33. Nxd8 fxe5 34. N8f7+ Kg7 35. Nxe5 Be6 36. Rab1 Rab8 37. h6+ Kxh6 38. Rh1+ Kg7 39. Rxh7+ Kf6 40. Rh6+ Kg7 41. Rxe6 1-0


[Site "https://www.chess.com"]

[Event "Titled Tuesday Blitz February 22 Late 2022"]
[White "Sliwicki, Damian"]
[Black "Aradhya, Garg"]
[WhiteFideId "1127128"]
[BlackFideId "25006746"]
[WhiteElo "2084"]
[BlackElo "2169"]
[Result "0-1"]
[Round "09"]
[TimeControl "180+1"]
[Date "2022.02.23"]
[WhiteClock "0:00:01"]
[BlackClock "0:00:09"]

1. d4 d5 2. Bf4 c5 3. e3 Nc6 4. Nc3 cxd4 5. exd4 Bf5 6. Nf3 e6 7. Bd3 Bg6 8. O-O Bd6 9. Bxg6 Bxf4 10. Bd3 Nf6 11. Re1 O-O 12. g3 Bd6 13. Ne5 Qb6 14. Nxc6 bxc6 15. Na4 Qc7 16. c3 Nd7 17. b4 e5 18. dxe5 Nxe5 19. Bc2 Rfe8 20. Kg2 Re7 21. Nb2 a5 22. b5 cxb5 23. Qxd5 Rd8 24. Rad1 Qxc3 25. Bb3 a4 26. Nd3 Bc7 27. Rxe5 Rxd5 28. Rxe7 Rd8 29. Rc1 Qxd3 30. Rd1 Qxd1 31. Bxd1 Kf8 32. Rxc7 Rxd1 33. Rb7 Rd2 34. Rxb5 Rxa2 35. Kf3 a3 36. h4 g6 37. Rb7 h5 38. Kf4 Rxf2+ 39. Kg5 Rf3 40. g4 hxg4 41. Ra7 g3 42. h5 g2 43. Kh6 g1=Q 44. Ra8+ Ke7 45. Kg7 Qd4+ 46. Kg8 gxh5 47. Ra6 Rg3+ 48. Kh7 Qe4+ 0-1


[Site "https://www.chess.com"]

[Event "Titled Tuesday Blitz February 22 Late 2022"]
[White "Stanisz, Patryk"]
[Black "Willathgamuwa, Kevin"]
[WhiteFideId "1123106"]
[BlackFideId "3214168"]
[WhiteElo "1876"]
[BlackElo "1943"]
[Result "0-1"]
[Round "09"]
[TimeControl "180+1"]
[Date "2022.02.23"]
[WhiteClock "0:00:02"]
[BlackClock "0:00:15"]

1. Nf3 g6 2. c4 Bg7 3. Nc3 c5 4. g3 Nc6 5. Bg2 Nf6 6. O-O d5 7. cxd5 Nxd5 8. Nxd5 Qxd5 9. d3 O-O 10. Qa4 Qd6 11. Rb1 a6 12. a3 b5 13. Qc2 Bb7 14. Be3 Nd4 15. Nxd4 Bxg2 16. Kxg2 cxd4 17. Bf4 Qd5+ 18. Kg1 Rfc8 19. Qd1 Qa2 20. Qd2 Rc6 21. Rbc1 Rac8 22. Rxc6 Rxc6 23. Rc1 Qd5 24. Rxc6 Qxc6 25. Qc1 Qxc1+ 26. Bxc1 f5 27. Bd2 Kf7 28. Kf1 Ke6 29. Ke1 Kd5 30. Kd1 e5 31. Kc2 e4 32. Kb3 Bf8 33. Bb4 Bg7 34. Be7 a5 35. Bd8 a4+ 36. Kc2 Bh6 37. Be7 g5 38. h3 g4 39. h4 f4 40. Kd1 f3 41. exf3 gxf3 42. dxe4+ Kxe4 0-1


[Site "https://www.chess.com"]

[Event "Titled Tuesday Blitz February 22 Late 2022"]
[White "Thomas, Anysia"]
[Black "Gerbelli Neto, Eduardo"]
[WhiteFideId "670472"]
[BlackFideId "2103281"]
[WhiteElo "2002"]
[BlackElo "2178"]
[Result "1-0"]
[Round "09"]
[TimeControl "180+1"]
[Date "2022.02.23"]
[WhiteClock "0:00:05"]
[BlackClock "0:00:01"]

1. d4 d5 2. c4 c6 3. Nf3 Nf6 4. e3 e6 5. b3 Nbd7 6. Bb2 Bd6 7. Be2 Qc7 8. O-O O-O 9. Nbd2 e5 10. cxd5 cxd5 11. Rc1 Qb8 12. dxe5 Nxe5 13. Qc2 Be6 14. Nxe5 Bxe5 15. Bxe5 Qxe5 16. Nf3 Qe4 17. Bd3 Qg4 18. Qc7 b6 19. Qe5 Rac8 20. Rc7 Qb4 21. Rxa7 Bg4 22. Nd4 Qc3 23. Bf5 Rfe8 24. Qf4 Bxf5 25. Nxf5 Qb2 26. Nd6 Rc1 27. g3 Rxf1+ 28. Kxf1 Qb1+ 29. Kg2 Rf8 30. Nf5 Qe4+ 31. Qxe4 dxe4 32. Rb7 Nd5 33. Nd4 Ra8 34. Rd7 Nb4 35. a4 Nd3 36. Rb7 g6 37. Rxb6 f5 38. Rc6 Rb8 39. Rc3 Rb4 40. a5 Rb7 41. a6 Ra7 42. Rc6 Nb4 43. Rc8+ Kg7 44. Ne6+ Kf6 45. Nc5 Nxa6 46. Rc6+ Ke5 47. Rxa6 Rc7 48. Na4 Rc2 49. Ra5+ Kd6 50. Rb5 Kc6 51. Rb6+ Kc7 52. Rf6 Rc1 53. Rf7+ Kd6 54. Rxh7 Rb1 55. Rb7 Kc6 56. Rb8 Kc7 57. Rb6 g5 58. h3 f4 59. gxf4 gxf4 60. exf4 Re1 61. Kg3 e3 62. fxe3 Rxe3+ 63. Kg4 Re4 64. Rb5 Kc6 65. Re5 Rd4 66. Nc3 1-0


[Site "https://www.chess.com"]

[Event "Titled Tuesday Blitz February 22 Late 2022"]
[White "Tomiello, Mateus Costamilan"]
[Black "Jaferian, Koosha"]
[WhiteFideId "22701958"]
[BlackFideId "12507440"]
[WhiteElo "1975"]
[BlackElo "2027"]
[Result "1-0"]
[Round "09"]
[TimeControl "180+1"]
[Date "2022.02.23"]
[WhiteClock "0:00:41"]
[BlackClock "0:00:09"]

1. e4 c6 2. d4 d5 3. Nc3 dxe4 4. Nxe4 Bf5 5. Ng3 Bg6 6. Nh3 e6 7. Nf4 Qh4 8. Bc4 Nf6 9. O-O Bd6 10. Qf3 Nbd7 11. Bxe6 fxe6 12. Nxe6 Qg4 13. Qe3 Kf7 14. Ng5+ Kf8 15. h3 Qh4 16. Qb3 Re8 17. Nf5 Qxg5 18. Bxg5 Bxf5 19. Qxb7 Re7 20. Qc8+ Kf7 21. Qxh8 Re8 22. Qxe8+ Nxe8 23. c3 Nc7 24. Rfe1 Ne6 25. Bh4 Nb6 26. Bg3 Be7 27. b3 Bf6 28. Be5 Bg5 29. c4 Bf6 30. Bxf6 Kxf6 31. Rad1 Nf4 32. Kh2 h5 33. h4 Nc8 34. g3 Ng6 35. Re8 Nd6 36. Ra8 Ne4 37. Kg2 Nc3 38. Re1 c5 39. d5 Be4+ 40. f3 Bf5 41. Rxa7 Ne5 42. Ra6+ Nc6 43. Rxc6+ 1-0


[Site "https://www.chess.com"]

[Event "Titled Tuesday Blitz February 22 Late 2022"]
[White "Toncheva, Nadya"]
[Black "Van den Dikkenberg, Erik"]
[WhiteFideId "2924056"]
[BlackFideId "1005880"]
[WhiteElo "1920"]
[BlackElo "2118"]
[Result "1-0"]
[Round "09"]
[TimeControl "180+1"]
[Date "2022.02.23"]
[WhiteClock "0:02:30"]
[BlackClock "0:01:54"]

1. e4 c5 2. Nf3 d6 3. d4 cxd4 4. Nxd4 Nf6 5. f3 a6 6. c4 e6 7. Nc3 Be7 8. Be3 O-O 9. Be2 Nbd7 10. O-O Qc7 11. Qd2 b6 12. a4 Bb7 13. a5 bxa5 14. Nb3 a4 15. Rxa4 Bc6 16. Raa1 a5 17. Nb5 Qb7 18. Nxa5 Qb8 19. Nxc6 1-0


[Site "https://www.chess.com"]

[Event "Titled Tuesday Blitz February 22 Late 2022"]
[White "Tregubov, Pavel V."]
[Black "Vusatiuk, Vladimir"]
[WhiteFideId "4115341"]
[BlackFideId "14118610"]
[WhiteElo "2341"]
[BlackElo "2157"]
[Result "1-0"]
[Round "09"]
[TimeControl "180+1"]
[Date "2022.02.23"]
[WhiteClock "0:00:09"]
[BlackClock "0:00:01"]

1. e4 Nc6 2. d4 d5 3. Nc3 dxe4 4. d5 Ne5 5. Bf4 Ng6 6. Bg3 Nf6 7. Bb5+ Bd7 8. Qe2 a6 9. Bxd7+ Qxd7 10. O-O-O h5 11. f3 h4 12. Bf2 exf3 13. Nxf3 Nf4 14. Qc4 Nxg2 15. Ne5 Qd6 16. Qa4+ Nd7 17. Bd4 Rh5 18. Ne4 Qh6+ 19. Kb1 b5 20. Qa5 Nxe5 21. Qxc7 Nd7 22. d6 exd6 23. Bc3 d5 24. Nf2 Qb6 25. Rhe1+ Nxe1 26. Rxe1+ Be7 27. Qf4 Kf8 28. Qg4 Rh7 29. Qxd7 Re8 30. Nd3 Qd8 31. Qf5 Bf6 32. Qxh7 Bxc3 33. Qh8# 1-0


[Site "https://www.chess.com"]

[Event "Titled Tuesday Blitz February 22 Late 2022"]
[White "Van Foreest, Jorden"]
[Black "Dubov, Daniil"]
[WhiteFideId "1039784"]
[BlackFideId "24126055"]
[WhiteElo "2609"]
[BlackElo "2791"]
[Result "1/2-1/2"]
[Round "09"]
[TimeControl "180+1"]
[Date "2022.02.22"]
[WhiteClock "0:00:03"]
[BlackClock "0:00:04"]

1. Nf3 d5 2. d4 Nf6 3. Bf4 Bf5 4. e3 e6 5. Bd3 Bxd3 6. cxd3 Bd6 7. Nc3 Bxf4 8. exf4 O-O 9. O-O Nc6 10. Rc1 Ne7 11. Ne2 Ne8 12. Qb3 Nd6 13. Ng3 Ng6 14. Ne2 Ne7 15. Rfe1 a5 16. Ng3 a4 17. Qb4 Ng6 18. Qd2 Ne7 19. Rc2 c6 20. Qb4 Qc7 21. h4 Nef5 22. Nxf5 Nxf5 23. g3 Qa5 24. Qxa5 Rxa5 25. g4 Nd6 26. h5 h6 27. Kg2 Rb5 28. Ree2 Ra8 29. Rc3 a3 30. bxa3 Rba5 31. f5 exf5 32. g5 hxg5 33. Nxg5 Nb5 34. Rc1 f6 35. Ne6 Re8 36. Rce1 Rxa3 37. Nf4 Rxe2 38. Rxe2 Nxd4 39. Re7 Rxa2 40. Rxb7 Ra8 41. Rb4 c5 42. Rb7 Kh7 43. Nxd5 Kh6 44. Nf4 Re8 45. Rc7 Ne6 46. Nxe6 Rxe6 47. Rxc5 Kg5 48. Kf3 Rd6 49. Ke3 Kxh5 50. Rxf5+ Kg4 51. Rf4+ Kg5 52. d4 f5 53. Rf3 Re6+ 54. Kd3 f4 55. d5 Re1 56. Kd4 Kf5 57. Rd3 Re8 58. Kc5 g5 59. d6 g4 60. Kd5 Re5+ 61. Kc6 Re8 62. d7 Rh8 63. d8=Q Rxd8 64. Rxd8 Ke4 65. Rf8 g3 66. fxg3 fxg3 67. Rg8 Kf3 68. Rxg3+ Kxg3 1/2-1/2


[Site "https://www.chess.com"]

[Event "Titled Tuesday Blitz February 22 Late 2022"]
[White "Vargas Pereda, Jesus Manue"]
[Black "Bauer, Thomas"]
[WhiteFideId "5115710"]
[BlackFideId "1639293"]
[WhiteElo "1760"]
[BlackElo "2220"]
[Result "0-1"]
[Round "09"]
[TimeControl "180+1"]
[Date "2022.02.23"]
[WhiteClock "0:01:36"]
[BlackClock "0:02:06"]

1. d4 e6 2. Nf3 d5 3. Bf4 Bd6 4. e3 Bxf4 5. exf4 Ne7 6. Nbd2 b6 7. Bd3 Ba6 8. Qe2 Qc8 9. c3 Bxd3 10. Qxd3 Qa6 11. Qxa6 Nxa6 12. Ke2 f6 13. Rhe1 Kd7 14. Kd3 Rhe8 15. a3 c5 16. b4 Rac8 17. Rac1 Nc7 18. dxc5 bxc5 19. a4 c4+ 20. Kd4 Nf5+ 21. Kc5 Rb8 22. b5 Na6+ 23. bxa6 Rec8# 0-1


[Site "https://www.chess.com"]

[Event "Titled Tuesday Blitz February 22 Late 2022"]
[White "Vidit, Santosh Gujrathi"]
[Black "Kamsky, Gata"]
[WhiteFideId "5029465"]
[BlackFideId "2000024"]
[WhiteElo "2654"]
[BlackElo "2645"]
[Result "1-0"]
[Round "09"]
[TimeControl "180+1"]
[Date "2022.02.22"]
[WhiteClock "0:01:40"]
[BlackClock "0:00:33"]

1. d4 d5 2. c4 c6 3. Nf3 Nf6 4. Nc3 a6 5. cxd5 cxd5 6. Bf4 e6 7. e3 Bd6 8. Bxd6 Qxd6 9. Ne5 Bd7 10. Bd3 Nc6 11. f4 Nb4 12. Bb1 O-O 13. O-O Rfc8 14. g4 Be8 15. g5 Nd7 16. Qf3 Rc7 17. Qh3 Nf8 18. Rf3 Rac8 19. Qh4 g6 20. Ng4 Nd7 21. Rh3 h5 22. gxh6 Kh7 23. Nf6+ Nxf6 24. Qxf6 Qf8 25. Bxg6+ 1-0


[Site "https://www.chess.com"]

[Event "Titled Tuesday Blitz February 22 Late 2022"]
[White "Vifleemskaia, Svetlana"]
[Black "Migot, Tangi"]
[WhiteFideId "4129490"]
[BlackFideId "662445"]
[WhiteElo "1901"]
[BlackElo "2501"]
[Result "0-1"]
[Round "09"]
[TimeControl "180+1"]
[Date "2022.02.23"]
[WhiteClock "0:00:02"]
[BlackClock "0:00:46"]

1. d4 c6 2. c4 Na6 3. Nc3 d5 4. cxd5 cxd5 5. Bf4 Nf6 6. e3 Bd7 7. a3 e6 8. Bd3 Qb6 9. b4 Nxb4 10. axb4 Bxb4 11. Ne2 Rc8 12. Rc1 Qa5 13. Qd2 O-O 14. O-O b5 15. Qa2 Qb6 16. Qb3 a5 17. Be5 Ng4 18. Bg3 Nf6 19. Be5 Rfd8 20. Bxf6 gxf6 21. Nf4 Rb8 22. Nh5 Be7 23. Qc2 f5 24. Qe2 b4 25. Qf3 Qd6 26. Ne2 a4 27. Nef4 Kh8 28. Qg3 Rg8 29. Qh3 b3 30. Rb1 a3 0-1


[Site "https://www.chess.com"]

[Event "Titled Tuesday Blitz February 22 Late 2022"]
[White "Villegas, Pierre"]
[Black "Tanenbaum, Zachary"]
[WhiteFideId "654183"]
[BlackFideId "2060850"]
[WhiteElo "2410"]
[BlackElo "2168"]
[Result "1/2-1/2"]
[Round "09"]
[TimeControl "180+1"]
[Date "2022.02.23"]
[WhiteClock "0:00:09"]
[BlackClock "0:00:10"]

1. d4 d5 2. c4 dxc4 3. e3 e5 4. Bxc4 exd4 5. exd4 Bd6 6. Nf3 Nf6 7. Qe2+ Qe7 8. Qxe7+ Bxe7 9. O-O O-O 10. Bg5 Bg4 11. Re1 Bb4 12. Re3 Nc6 13. Bxf6 gxf6 14. Nc3 Bxf3 15. Rxf3 Nxd4 16. Rg3+ Kh8 17. Nd5 Bd6 18. Rh3 Kg7 19. Rd1 c5 20. Bd3 f5 21. g4 Rad8 22. Bxf5 Nxf5 23. gxf5 h6 24. f6+ Kh7 25. Ne3 Be5 26. Rxd8 Rxd8 27. Ng4 Bf4 28. Rb3 Rd1+ 29. Kg2 b6 30. Ra3 Rd7 31. Kf3 Bc1 32. Ne5 Rd5 33. Nxf7 Bxb2 34. Re3 Bxf6 35. Ke4 Rh5 36. h3 Kg6 37. Nd6 Re5+ 38. Kf4 Rxe3 39. fxe3 Bg5+ 40. Ke4 Kh5 41. Nf5 Kg6 42. Nd6 Kf6 43. Nc8 c4 44. Nxa7 c3 45. Kd3 c2 46. Kxc2 Bxe3 47. Nc6 Kg5 48. Kd3 Bg1 49. Ke2 Kh4 50. Kf1 Bc5 51. Kg2 Kg5 52. Nb8 Kf5 53. Nd7 Bd4 54. Nxb6 Bxb6 55. a4 Ke4 56. a5 Ba7 57. h4 Kf4 58. Kh1 Kg4 59. Kg2 Kxh4 60. Kh1 Kg3 61. a6 h5 1/2-1/2


[Site "https://www.chess.com"]

[Event "Titled Tuesday Blitz February 22 Late 2022"]
[White "Virtanen, Teemu"]
[Black "Vlassov, Nikolai"]
[WhiteFideId "509850"]
[BlackFideId "4103360"]
[WhiteElo "1926"]
[BlackElo "2407"]
[Result "1-0"]
[Round "09"]
[TimeControl "180+1"]
[Date "2022.02.23"]
[WhiteClock "0:00:08"]
[BlackClock "0:00:04"]

1. c4 f5 2. Nc3 Nf6 3. g3 e5 4. Bg2 Nc6 5. e3 h6 6. d3 g5 7. h3 Bg7 8. Nge2 O-O 9. O-O d6 10. f4 exf4 11. exf4 g4 12. h4 Nh5 13. Kh2 Ne7 14. Be3 Ng6 15. Bf2 c6 16. Qb3 Kh7 17. Rae1 Rf7 18. Rh1 Bf6 19. Nd4 Ngxf4 20. gxf4 g3+ 21. Bxg3 Nxg3 22. Kxg3 Bxd4 23. Kf3 Rg7 24. Ne2 Bf6 25. h5 Bd7 26. d4 Qa5 27. Qc3 Qb6 28. Qd3 Rag8 29. Bh3 Qa5 30. b4 Qxb4 31. Bxf5+ Kh8 32. Bxd7 Rxd7 33. Reg1 Rdg7 34. Rg6 Rxg6 35. hxg6 Bg7 36. Ng3 Qb2 37. Nf5 Bf8 38. Nxh6 Rxg6 39. Qxg6 Qc3+ 40. Kg4 1-0


[Site "https://www.chess.com"]

[Event "Titled Tuesday Blitz February 22 Late 2022"]
[White "Warakomska, Anna"]
[Black "Lopez Del Alamo, Antonio"]
[WhiteFideId "1130790"]
[BlackFideId "2227339"]
[WhiteElo "2062"]
[BlackElo "2082"]
[Result "0-1"]
[Round "09"]
[TimeControl "180+1"]
[Date "2022.02.23"]
[WhiteClock "0:00:02"]
[BlackClock "0:00:13"]

1. e4 c5 2. Nf3 e6 3. b3 Nc6 4. Bb2 d6 5. d4 cxd4 6. Nxd4 Bd7 7. Be2 Nf6 8. Nd2 a6 9. a4 Be7 10. O-O O-O 11. Kh1 Nxd4 12. Bxd4 b5 13. axb5 axb5 14. Bd3 e5 15. Bb2 Qb6 16. Qe2 Bc6 17. f4 Nd7 18. Qg4 Bf6 19. f5 Nc5 20. b4 Nxd3 21. cxd3 Qe3 22. Nf3 Qxd3 23. Rad1 Qxe4 24. Qxe4 Bxe4 25. Rxd6 Rfe8 26. Rb6 Bd3 27. Re1 e4 28. Bxf6 gxf6 29. Nd4 Rab8 30. Rxf6 Rbd8 31. Nc6 Rc8 32. h4 Bc4 33. Re3 Ra8 34. Rg3+ Kh8 35. Nd4 Ra1+ 36. Kh2 Rd1 37. Nc6 e3 0-1


[Site "https://www.chess.com"]

[Event "Titled Tuesday Blitz February 22 Late 2022"]
[White "Weetik, Vjacheslav"]
[Black "Zlatin, Alexander"]
[WhiteFideId "4153472"]
[BlackFideId "2810549"]
[WhiteElo "2469"]
[BlackElo "2228"]
[Result "0-1"]
[Round "09"]
[TimeControl "180+1"]
[Date "2022.02.23"]
[WhiteClock "0:00:01"]
[BlackClock "0:00:38"]

1. e4 e5 2. f4 exf4 3. Bc4 Be7 4. Nc3 Bh4+ 5. Kf1 d5 6. Nxd5 Nf6 7. Nf3 Bg4 8. d3 O-O 9. Bxf4 Nxd5 10. Bxd5 c6 11. Bb3 Nd7 12. h3 Bxf3 13. Qxf3 Qf6 14. c3 Ne5 15. Bxe5 Qxe5 16. d4 Qg5 17. Ke2 Rae8 18. Raf1 Kh8 19. Kd3 c5 20. Qf5 Qxg2 21. Rhg1 Qxb2 22. Rxg7 Kxg7 23. Qg4+ Kh8 24. Qxh4 f5 25. e5 b5 26. Bd5 c4+ 27. Ke3 Qxc3+ 28. Kf2 f4 29. Qh6 Qxd4+ 30. Ke1 Rxe5+ 0-1


[Site "https://www.chess.com"]

[Event "Titled Tuesday Blitz February 22 Late 2022"]
[White "Zakhartsov, Vladimir"]
[Black "Zeynalli, Rashad"]
[WhiteFideId "4145097"]
[BlackFideId "13403320"]
[WhiteElo "2432"]
[BlackElo "2125"]
[Result "1-0"]
[Round "09"]
[TimeControl "180+1"]
[Date "2022.02.23"]
[WhiteClock "0:01:10"]
[BlackClock "0:00:17"]

1. e4 e5 2. Nf3 Nc6 3. Bb5 Nf6 4. d3 Bc5 5. Bxc6 bxc6 6. Nxe5 d5 7. d4 Bb6 8. Nxc6 Qd6 9. e5 Qxc6 10. exf6 Qxf6 11. Be3 Ba6 12. Nc3 c6 13. Ne2 O-O 14. c3 Bc7 15. O-O Rfe8 16. Re1 Rab8 17. b3 Re7 18. Ng3 Rbe8 19. Qg4 Bc8 20. Qh5 g6 21. Qh6 Bf4 22. Nh5 Bxh2+ 23. Kh1 Qh8 24. Kxh2 gxh5 25. Bg5 Re6 26. Bf6 Bd7 27. Qg5+ 1-0


[Site "https://www.chess.com"]

[Event "Titled Tuesday Blitz February 22 Late 2022"]
[White "Zhou, Qiyu"]
[Black "Martin Barcelo, Carles"]
[WhiteFideId "505161"]
[BlackFideId "24561444"]
[WhiteElo "1925"]
[BlackElo "1875"]
[Result "0-1"]
[Round "09"]
[TimeControl "180+1"]
[Date "2022.02.23"]
[WhiteClock "0:00:02"]
[BlackClock "0:00:27"]

1. e4 c6 2. d4 d5 3. e5 c5 4. dxc5 e6 5. Be3 Ne7 6. c3 Nd7 7. Nf3 Nc6 8. Bb5 Bxc5 9. Bxc5 Nxc5 10. Nd4 Bd7 11. Bxc6 bxc6 12. O-O O-O 13. Nd2 Rb8 14. b4 Na6 15. Qe2 Qc8 16. a3 c5 17. N4f3 Bb5 18. c4 dxc4 19. Nxc4 cxb4 20. Nfd2 bxa3 21. Rxa3 Qc5 22. Rg3 Rfd8 23. Qg4 Qf8 24. Re1 Bxc4 25. Nxc4 Nb4 26. Nd6 Nd5 27. h4 Rb4 28. Re4 Rdb8 29. h5 h6 30. Rf3 f5 31. exf6 Nxf6 32. Qxe6+ Kh8 33. Nf7+ Kh7 34. Qf5+ Kg8 35. Rxb4 Qxb4 36. Nxh6+ Kh8 37. Nf7+ Kg8 38. Ne5 Re8 39. h6 Qe1+ 40. Kh2 Qxe5+ 41. Qxe5 Rxe5 42. hxg7 Kxg7 43. Ra3 a5 44. f4 Rb5 45. Kh3 Nd5 46. Kg4 Kf6 47. Kf3 Nb6 48. g4 a4 49. Ke4 Rb4+ 50. Kf3 Rb3+ 0-1


[Site "https://www.chess.com"]

[Event "Titled Tuesday Blitz February 22 Late 2022"]
[White "Abdrlauf, Elham"]
[Black "Sadhwani, Raunak"]
[WhiteFideId "1533533"]
[BlackFideId "35093487"]
[WhiteElo "2334"]
[BlackElo "2616"]
[Result "0-1"]
[Round "10"]
[TimeControl "180+1"]
[Date "2022.02.22"]
[WhiteClock "0:00:04"]
[BlackClock "0:01:12"]

1. e4 e5 2. Nc3 Nc6 3. Bc4 Nf6 4. d3 Bc5 5. f4 d6 6. Nf3 a5 7. fxe5 dxe5 8. Bg5 h6 9. Bh4 Bg4 10. h3 Bxf3 11. Qxf3 Nd4 12. Qd1 c6 13. a4 Qb6 14. Rb1 O-O-O 15. Bxf6 gxf6 16. O-O Nxc2+ 17. Kh1 Ne3 18. Qf3 Nxf1 19. Qxf1 Rd6 20. Ne2 Bf2 21. d4 Bxd4 22. Ng3 Bf2 23. Nf5 Rd2 24. Bxf7 Kb8 25. b4 axb4 26. a5 Qxa5 27. Ra1 Qb6 28. Qc4 Rhd8 29. Bh5 b3 30. Qa4 b2 31. Rb1 Qc5 32. Kh2 Be3 33. h4 Bf4+ 34. Kh3 R8d3+ 35. g3 Qf2 36. Qa5 Rxg3+ 0-1


[Site "https://www.chess.com"]

[Event "Titled Tuesday Blitz February 22 Late 2022"]
[White "Baker, Chris W"]
[Black "Avramidou, Anastasia"]
[WhiteFideId "401676"]
[BlackFideId "4239873"]
[WhiteElo "2274"]
[BlackElo "2183"]
[Result "0-1"]
[Round "10"]
[TimeControl "180+1"]
[Date "2022.02.23"]
[WhiteClock "0:00:12"]
[BlackClock "0:00:12"]

1. c4 Nf6 2. Nf3 g6 3. g3 Bg7 4. Bg2 O-O 5. O-O d6 6. d4 Nc6 7. Nc3 a6 8. b3 Rb8 9. Bb2 b5 10. cxb5 axb5 11. Rc1 b4 12. Na4 Bb7 13. d5 Na7 14. e4 c6 15. Qd2 Nxe4 16. Qe3 Bxb2 17. Nxb2 Nc5 18. Qh6 f6 19. Bh3 Bc8 20. Bxc8 Rxc8 21. Nd4 Rf7 22. Ne6 Nxe6 23. dxe6 Rg7 24. Nc4 Nb5 25. Rfd1 Nc3 26. Rd2 Ra8 27. a4 bxa3 28. Nxa3 Ne4 29. Ra2 Nc5 30. Qe3 Qc8 31. Re1 Kh8 32. b4 Nb7 33. Rc2 Qd8 34. Nc4 Rg8 35. Qh6 Qf8 36. Qe3 Kg7 37. Nb6 Ra6 38. Rxc6 Qd8 39. b5 Na5 0-1


[Site "https://www.chess.com"]

[Event "Titled Tuesday Blitz February 22 Late 2022"]
[White "Barp, Alberto"]
[Black "Holt, Conrad"]
[WhiteFideId "872555"]
[BlackFideId "2034387"]
[WhiteElo "2229"]
[BlackElo "2586"]
[Result "0-1"]
[Round "10"]
[TimeControl "180+1"]
[Date "2022.02.22"]
[WhiteClock "0:00:01"]
[BlackClock "0:00:19"]

1. d4 d5 2. Nf3 Nf6 3. Bf4 c5 4. e3 Nc6 5. Nbd2 cxd4 6. exd4 Bf5 7. c3 e6 8. Qb3 Qc8 9. Be2 Be7 10. O-O O-O 11. Ne5 a6 12. Rfe1 Nxe5 13. Bxe5 Qc6 14. a4 Rfc8 15. h3 Nd7 16. Bg3 Bd6 17. Bxd6 Qxd6 18. Qa3 Qxa3 19. Rxa3 a5 20. Bb5 Nb6 21. Raa1 Kf8 22. Rac1 Rc7 23. f3 Ke7 24. Kf2 Kd6 25. g4 Bg6 26. Kg3 f6 27. f4 Be8 28. c4 Nxa4 29. Bxe8 Rxe8 30. c5+ Kd7 31. b3 Nb2 32. Rc3 a4 33. Rb1 a3 34. Ra1 Ra8 35. b4 b5 36. Rcxa3 Ra4 37. Rxa4 Nxa4 38. Kf3 Ra7 39. Nb1 Ra8 40. Nc3 Kc6 41. Ke3 Nb6 42. Rxa8 Nxa8 43. Nd1 Nc7 44. Kd3 Na6 45. Kc3 Nb8 46. Nf2 Nd7 47. Nd3 Nb8 48. Nc1 Na6 49. Nb3 Nb8 50. Na5+ Kc7 51. Kd3 Nd7 52. Kc3 f5 53. g5 Nf8 54. Kd3 Ng6 55. Ke3 Ne7 56. Nb3 Nc6 57. Nc1 Nxb4 58. Kd2 Nc6 59. Ke3 Kb7 60. Nd3 Ka6 61. Ne5 Ne7 62. Kd3 Ka5 63. Kc3 Ka4 64. c6 Ka3 65. c7 b4+ 66. Kc2 Ka2 67. Nd3 b3+ 68. Kc3 Ka3 69. Nb4 Nc8 70. Nd3 Nd6 71. Kd2 Ka4 72. Kc3 Nb5+ 73. Kb2 Nxc7 74. Nc5+ Kb4 75. Nxb3 Kc4 76. Kc2 Nb5 77. Kd2 Kxb3 78. Kd3 g6 79. h4 Kb4 0-1


[Site "https://www.chess.com"]

[Event "Titled Tuesday Blitz February 22 Late 2022"]
[White "Baskin, Robert"]
[Black "Kobo, Ori"]
[WhiteFideId "24662402"]
[BlackFideId "2812320"]
[WhiteElo "2488"]
[BlackElo "2420"]
[Result "1-0"]
[Round "10"]
[TimeControl "180+1"]
[Date "2022.02.22"]
[WhiteClock "0:00:15"]
[BlackClock "0:00:04"]

1. d4 Nf6 2. c4 g6 3. Nc3 Bg7 4. e4 d6 5. Nf3 O-O 6. Be2 Nbd7 7. O-O e5 8. Re1 c6 9. Bf1 Qe7 10. d5 a5 11. b3 Nc5 12. a3 Bg4 13. Rb1 cxd5 14. cxd5 Rfc8 15. h3 Bd7 16. Bd2 Qe8 17. a4 Qf8 18. Rc1 Bh6 19. Bc4 b6 20. Bxh6 Qxh6 21. Qd2 Qf8 22. Qg5 Kg7 23. Nd2 Nh5 24. Qe3 Qe7 25. Bf1 Nf4 26. Kh2 Rab8 27. g3 Nh5 28. Bb5 Rf8 29. Bxd7 Qxd7 30. Nb5 Nf6 31. f3 Ne8 32. f4 f6 33. Nc4 Rf7 34. Rf1 exf4 35. Rxf4 Qe7 36. Rcf1 Nd7 37. Na7 Rb7 38. Nc6 Qf8 39. Qd4 Ne5 40. Nd8 Rbd7 41. Ne6+ Kg8 42. Nxf8 1-0


[Site "https://www.chess.com"]